[Event "*** SCC Grand Prix: Titled Tuesday Blitz"]
[Site "Chess.com"]
[Date "2020.10.06"]
[Round "9"]
[White "IngOscarArdila"]
[Black "FMalexhdez"]
[Result "1-0"]
[WhiteElo "2133"]
[BlackElo "2248"]
[TimeControl "180+1"]
[EndTime "11:45:54 PDT"]
[Termination "IngOscarArdila won on time"]

1. d4 Nf6 2. c4 e6 3. Nc3 Bb4 4. Bd2 O-O 5. Nf3 d5 6. e3 b6 7. cxd5 exd5 8. Bd3 Bg4 9. h3 Bh5 10. Qc2 Nbd7 11. Ne5 c5 12. a3 cxd4 13. exd4 Bd6 14. f4 Ne4 15. Nxe4 dxe4 16. Bxe4 Qh4+ 17. Kf1 Rac8 18. Bxh7+ Kh8 19. Qd3 Nf6 20. Bf5 Rcd8 21. g3 Bxe5 22. gxh4 Bxd4 23. Bc3 Bc5 24. Qg3 Rd6 25.
Qg5 Bf3 26. Rh2 Rfd8 27. Bc2 Kg8 28. Re1 Kf8 29. b4 Bd4 30. Bxd4 Rxd4 31. Rf2 1-0

[Event "*** SCC Grand Prix: Titled Tuesday Blitz"]
[Site "Chess.com"]
[Date "2020.10.06"]
[Round "9"]
[White "Balla_Tamas"]
[Black "MVM2008"]
[Result "1-0"]
[WhiteElo "2449"]
[BlackElo "2238"]
[TimeControl "180+1"]
[EndTime "11:45:55 PDT"]
[Termination "Balla_Tamas won by resignation"]

1. e4 c5 2. d3 Nc6 3. f4 d6 4. g3 g6 5. Bg2 Bg7 6. Nf3 e5 7. c3 Nge7 8. O-O O-O 9. Be3 f5 10.
fxe5 fxe4 11. dxe4 Nxe5 12. Nxe5 Bxe5 13. Rxf8+ Qxf8 14. Qb3+ Qf7 15. Nd2 Qxb3 16. Nxb3 Nc6 17. Nd2 Be6 18.
Nf3 Rf8 19. Nxe5 Nxe5 20. Rd1 Bxa2 21. Bh6 Rd8 22. Ra1 Bc4 23. Rxa7 Ba6 24. Bg5 Re8 25. Bf4 Nc6 26. Rxa6 bxa6 27. Bxd6 c4 28. Bf1 Rxe4 29. Bg2 Re1+ 30. Kf2 Rd1 31. Bf4 Na5 32. Ke2 Rb1 33. Bd5+ Kg7 34. Be5+ Kh6 35. h4 Rxb2+ 36. Ke3 Rb5 37.
Bf4+ Kg7 38. Kd4 Rb1 39. Be5+ Kf8 40. Bd6+ Kg7 41. Bc7 Nb3+ 42. Kxc4 Nd2+ 43. Kd3 Nb3 44. Kc2 Rg1 45. Kxb3 Rb1+ 46. Kc2 Rb5 47. c4 Rc5 48. Be5+ Kh6 49. Bd4 Rc8 50. Kc3 g5 51. Be3 Kh5 52. Bxg5 Kg4 53. Be6+ 1-0

[Event "*** SCC Grand Prix: Titled Tuesday Blitz"]
[Site "Chess.com"]
[Date "2020.10.06"]
[Round "9"]
[White "TrickyFortem"]
[Black "Fins0905"]
[Result "0-1"]
[WhiteElo "2476"]
[BlackElo "2644"]
[TimeControl "180+1"]
[EndTime "11:45:57 PDT"]
[Termination "Fins0905 won by checkmate"]

1. d4 d5 2. c4 c6 3. Nf3 Nf6 4. Nc3 dxc4 5. a4 Bf5 6. Ne5 Nbd7 7.
Nxc4 Nb6 8. Ne5 a5 9. h4 e6 10. f3 h6 11. e4 Bh7 12. Be3 Nfd7 13. Nxd7 Nxd7 14. Bc4 Be7 15. h5 Bh4+ 16. Ke2 O-O 17. Qd2 Be7 18. g4 Kh8 19. Rag1 e5 20.
d5 Bc5 21. g5 hxg5 22. Bxg5 f6 23. Be3 f5 24. Bxc5 Nxc5 25. Qe3 Qb6 26. b3 Qb4 27.
Rxg7 Kxg7 28. Qg5+ Kh8 29. Rg1 Rf7 30. Nd1 Rg8 31. d6 Rxg5 32. Rxg5 Rf8 33. Ne3 fxe4 34. fxe4 Nxe4 35. Rxe5 Qd2# 0-1

[Event "*** SCC Grand Prix: Titled Tuesday Blitz"]
[Site "Chess.com"]
[Date "2020.10.06"]
[Round "9"]
[White "fireheart92"]
[Black "topotun"]
[Result "1-0"]
[WhiteElo "2890"]
[BlackElo "2773"]
[TimeControl "180+1"]
[EndTime "11:45:59 PDT"]
[Termination "fireheart92 won by resignation"]

1. d4 Nf6 2. c4 c5 3. d5 e6 4. Nc3 exd5 5. cxd5 d6 6. e4 g6 7. f4 Bg7 8. Bb5+ Nfd7 9. Nf3 O-O 10.
O-O Re8 11. e5 a6 12. Bxd7 Nxd7 13. Ne4 dxe5 14. fxe5 Nxe5 15. Bg5 f6 16. Nxe5 fxg5 17. Nf7 Qe7 18. Nfxg5 Bd4+ 19. Kh1 Bf5 20. d6 Qg7 21.
Qb3+ Kh8 22. Nf7+ Kg8 23. Nfg5+ Kh8 24. Nf7+ Kg8 25. Neg5 Re3 26. Nh6+ Kf8 27. Nxf5 gxf5 28. Ne6+ Ke8 29. Nxg7+ 1-0

[Event "*** SCC Grand Prix: Titled Tuesday Blitz"]
[Site "Chess.com"]
[Date "2020.10.06"]
[Round "9"]
[White "Khnykin_Nikolay"]
[Black "Margarita2907"]
[Result "0-1"]
[WhiteElo "2050"]
[BlackElo "2177"]
[TimeControl "180+1"]
[EndTime "11:45:59 PDT"]
[Termination "Margarita2907 won on time"]

1. e4 c5 2. d4 cxd4 3. c3 dxc3 4.
Nxc3 e6 5. Nf3 a6 6. Bc4 Nc6 7. O-O Nge7 8. Bf4 Ng6 9. Bg5 Be7 10. Bxe7 Qxe7 11. Re1 Nge5 12. Nxe5 Nxe5 13. Bb3 O-O 14. f4 Nc6 15. Kh1 Rd8 16. f5 Qf6 17. Rf1 Qe5 18. Qg4 d6 19. f6 g6 20. Qh3 h5 21.
Qe3 Kh7 22. Rad1 b5 23. Ne2 Na5 24. Bc2 Nc4 25. Qh3 Nxb2 26. Rb1 Nc4 27. Rbc1 Bb7 28. Ng3 Rac8 0-1

[Event "*** SCC Grand Prix: Titled Tuesday Blitz"]
[Site "Chess.com"]
[Date "2020.10.06"]
[Round "9"]
[White "Lupul_Cenusiu"]
[Black "RobertoJBM"]
[Result "1/2-1/2"]
[WhiteElo "2520"]
[BlackElo "2716"]
[TimeControl "180+1"]
[EndTime "11:46:00 PDT"]
[Termination "Game drawn by repetition"]

1. d4 Nf6 2. c4 g6 3. g3 d5 4.
cxd5 Nxd5 5. Bg2 Bg7 6. e4 Nb6 7. Ne2 Nc6 8. Be3 O-O 9. O-O Nc4 10. Qd3 Nxe3 11. fxe3 e5 12. d5 Ne7 13. Nbc3 Bd7 14.
Rac1 c6 15. Rfd1 Bg4 16. h3 Bxe2 17. Qxe2 cxd5 18. exd5 Nf5 19. d6 Nxg3 20. Qf3 Qg5 21.
Kh2 e4 22. Nxe4 Nxe4 23. Qxe4 Bxb2 24. Rd5 f5 25. Qe6+ Kh8 26. Rc7 Rae8 27. Re7 Rd8 28. d7 Qf6 29. Rd6 Qxe6 30. Rdxe6 Ba3 31. Bxb7 Bxe7 32.
Rxe7 f4 33. e4 f3 34. Kg1 f2+ 35. Kf1 Rb8 36. Ba6 Rb1+ 37. Kg2 f1=Q+ 38. Bxf1 Rbxf1 39. Re8 Rf2+ 40. Kg3 Rf3+ 41. Kg4 Rf4+ 42. Kg3 Rf3+ 43. Kg4 Rf4+ 44. Kg3 Rf3+ 1/2-1/2

[Event "*** SCC Grand Prix: Titled Tuesday Blitz"]
[Site "Chess.com"]
[Date "2020.10.06"]
[Round "9"]
[White "Sueetin"]
[Black "Brave_spirit12"]
[Result "0-1"]
[WhiteElo "2315"]
[BlackElo "2484"]
[TimeControl "180+1"]
[EndTime "11:46:01 PDT"]
[Termination "Brave_spirit12 won by resignation"]

1. d4 Nf6 2. c4 e6 3. Nc3 d5 4.
cxd5 exd5 5. Bg5 Be7 6. e3 O-O 7. Bd3 c6 8. Nge2 h6 9. Bh4 Re8 10. Qc2 Na6 11. a3 Nc7 12. O-O Bg4 13. f3 Bh5 14.
Bf2 Bd6 15. Ng3 b6 16. e4 dxe4 17. fxe4 Bxg3 18. hxg3 Ng4 19. e5 Ne6 20. Ne2 Nxf2 21. Rxf2 Nxd4 22. Nxd4 Qxd4 23. Bc4 Rxe5 24. Rf1 Rae8 25.
Kh2 R8e7 26. Rf4 Qe3 27. b4 Rg5 28. Qf2 Qxf2 29. R1xf2 Bg6 30. Rd4 Re1 31. g4 h5 32.
gxh5 Rxh5+ 33. Kg3 Rg5+ 34. Kh4 Ree5 35. Rd7 Rgf5 36.
Rxf5 Rxf5 37. Rxa7 Rf4+ 0-1

[Event "*** SCC Grand Prix: Titled Tuesday Blitz"]
[Site "Chess.com"]
[Date "2020.10.06"]
[Round "9"]
[White "serena-maria"]
[Black "keepitcoming"]
[Result "0-1"]
[WhiteElo "2304"]
[BlackElo "2476"]
[TimeControl "180+1"]
[EndTime "11:46:02 PDT"]
[Termination "keepitcoming won by resignation"]

1. Nf3 d5 2. g3 Nf6 3. Bg2 Bf5 4. O-O c6 5. c4 e6 6. cxd5 exd5 7. d3 Be7 8. Qb3 Qb6 9. Qc2 O-O 10. Nc3 Nbd7 11.
e4 Bg6 12. Nh4 dxe4 13. Nxg6 hxg6 14. dxe4 Rfe8 15. Be3 Qa5 16. Rad1 Bc5 17. Bf4 Rad8 18. a3 Be7 19. Bd2 Qh5 20. h3 Ne5 21. g4 Nfxg4 22.
hxg4 Qxg4 23. f3 Bc5+ 24. Kh2 Qh4+ 25. Bh3 Bf2 26. Ne2 Nxf3+ 27. Kg2 Nd4 28. Qc4 Qxe4+ 29. Kxf2 Qf3+ 30. Kg1 Nxe2+ 31. Qxe2 Qxe2 32. Bg2 Rxd2 33. Rxd2 Qxd2 34. Rf2 Re2 35. Rf1 Rxg2+ 0-1

[Event "*** SCC Grand Prix: Titled Tuesday Blitz"]
[Site "Chess.com"]
[Date "2020.10.06"]
[Round "9"]
[White "Morshynska"]
[Black "Orest_Vovk"]
[Result "0-1"]
[WhiteElo "2233"]
[BlackElo "2449"]
[TimeControl "180+1"]
[EndTime "11:46:02 PDT"]
[Termination "Orest_Vovk won on time"]

1. Nf3 d5 2. g3 Nf6 3. Bg2 c6 4. O-O a6 5. a4 g6 6. b3 Bg7 7.
Bb2 O-O 8. a5 Bg4 9. h3 Bxf3 10.
exf3 Ne8 11. Bxg7 Kxg7 12. f4 Nd6 13. Nc3 Nd7 14. Re1 Re8 15. Qc1 e5 16. fxe5 Rxe5 17. Rxe5 Nxe5 18. Qb2 Qf6 19. Re1 Re8 20. Kf1 Nf5 21.
Ne2 h5 22. Qc3 g5 23. Nd4 Nd6 24. Re3 h4 25. g4 Ng6 26. Ne2 Qxc3 27. dxc3 Rxe3 28.
fxe3 f5 29. gxf5 Nxf5 30. Kf2 Nd6 31. Bf3 Kf6 32. Bg4 Ne5 33. Bh5 Ne4+ 34. Ke1 c5 0-1

[Event "*** SCC Grand Prix: Titled Tuesday Blitz"]
[Site "Chess.com"]
[Date "2020.10.06"]
[Round "9"]
[White "GHANDEEVAM2003"]
[Black "TigrVShlyape"]
[Result "1-0"]
[WhiteElo "2970"]
[BlackElo "2830"]
[TimeControl "180+1"]
[EndTime "11:46:03 PDT"]
[Termination "GHANDEEVAM2003 won by resignation"]

1. Nf3 Nf6 2. c4 g6 3. Nc3 Bg7 4. e4 d6 5. d4 O-O 6. Be2 e5 7. d5 Na6 8. Be3 Nc5 9. Nd2 a5 10. g4 c6 11. h4 Bd7 12. h5 cxd5 13. cxd5 Rc8 14. a3 Ne8 15. g5 f5 16. exf5 Bxf5 17. Bxc5 Rxc5 18. Nde4 Bxe4 19. Nxe4 Rf4 20. Nxc5 dxc5 21.
hxg6 hxg6 22. d6 Rd4 23. Qb3+ Kf8 24. Qf3+ Rf4 25. Qxb7 Nxd6 26. Qd5 Qb6 27. O-O-O Rd4 28. Rxd4 cxd4 29. Bd1 Qc7+ 30. Kb1 Nc4 31. Ka2 Nd2 32.
Ba4 Qc4+ 33. Qxc4 Nxc4 34. Rc1 Nb6 35. Bc2 1-0

[Event "*** SCC Grand Prix: Titled Tuesday Blitz"]
[Site "Chess.com"]
[Date "2020.10.06"]
[Round "9"]
[White "GigaQuparadze"]
[Black "NikolaGry"]
[Result "1/2-1/2"]
[WhiteElo "2983"]
[BlackElo "2649"]
[TimeControl "180+1"]
[EndTime "11:46:03 PDT"]
[Termination "Game drawn by repetition"]

1. e4 d6 2. d4 Nf6 3. Nc3 g6 4. Bg5 Bg7 5. f4 O-O 6. Nf3 c5 7. dxc5 Qa5 8. Bxf6 Bxf6 9. e5 dxe5 10. fxe5 Bg7 11.
Qd4 Nc6 12. Qe3 Bg4 13. Bc4 Bxf3 14. gxf3 Nxe5 15. Bb3 Rac8 16. O-O-O Qxc5 17. Qxc5 Rxc5 18. Rhf1 e6 19. Ne4 Rc7 20. Nd6 a6 21. Kb1 Rd8 22. c3 Bf8 23. Ne4 Rxd1+ 24. Bxd1 Be7 25. Be2 Rd7 26.
f4 Nc6 27. Kc2 Kg7 28. a4 f5 29. Nf2 e5 30. fxe5 Nxe5 31. Nh3 Ng4 32. Bxg4 fxg4 33. Nf2 h5 34. Ne4 Rd5 35. b4 b5 36. Ra1 Kf7 37.
axb5 axb5 38. Ra6 Rf5 39. Ra7 Ke6 40. Kd3 h4 41. Kd4 Rf3 42. Ra6+ Kf7 43. Ra7 Ke6 44. Ra6+ Kf7 45. Ra7 Ke6 1/2-1/2

[Event "*** SCC Grand Prix: Titled Tuesday Blitz"]
[Site "Chess.com"]
[Date "2020.10.06"]
[Round "9"]
[White "RamyresCoelho"]
[Black "Colombiano07"]
[Result "1-0"]
[WhiteElo "2032"]
[BlackElo "2279"]
[TimeControl "180+1"]
[EndTime "11:46:03 PDT"]
[Termination "RamyresCoelho won on time"]

1. e4 e6 2. d4 d5 3. Nc3 Nf6 4. e5 Nfd7 5. f4 c5 6. Nf3 Nc6 7. Be3 h6 8. Qd2 g5 9. g3 g4 10. Ng1 cxd4 11. Bxd4 Nxd4 12. Qxd4 Bc5 13. Qd3 h5 14. Nge2 h4 15. Bg2 h3 16. Bf1 Nb6 17.
O-O-O Bd7 18. Nd4 Nc4 19. Ndb5 Qb6 20. b3 Ne3 21. Be2 Nxd1 22. Rxd1 a6 23. Nd6+ Bxd6 24. exd6 Qxd6 25. Qd4 O-O-O 26. Kb2 f5 27. Bd3 Kb8 28.
Na4 Bxa4 29. Qxa4 Qd7 30. Qd4 Qc6 31. Bf1 Rc8 32. Qe5+ Qc7 33. Qe2 Qc3+ 34. Kb1 Rc6 35.
Qe5+ 1-0

[Event "*** SCC Grand Prix: Titled Tuesday Blitz"]
[Site "Chess.com"]
[Date "2020.10.06"]
[Round "9"]
[White "nurgyulsalimova"]
[Black "Piotrek1979"]
[Result "0-1"]
[WhiteElo "2603"]
[BlackElo "2500"]
[TimeControl "180+1"]
[EndTime "11:46:04 PDT"]
[Termination "Piotrek1979 won by resignation"]

1. e4 c5 2. Nf3 Nc6 3. d4 cxd4 4. Nxd4 Nf6 5. Nc3 d6 6. Bg5 e6 7. Qd2 h6 8. Bh4 Nxe4 9. Bxd8 Nxd2 10. Nxc6 bxc6 11.
Bh4 Nxf1 12. Rxf1 Ba6 13. Rg1 Rb8 14. O-O-O d5 15. Bg3 Rc8 16. f4 Bc5 17. Rge1 O-O 18. Na4 Bb4 19. c3 Be7 20. Bf2 c5 21. f5 Bb5 22. b3 Bxa4 23. bxa4 Rc6 24. Kc2 Rfc8 25. Rb1 Bf6 26. Rb7 Ra6 27. fxe6 fxe6 28. Bg3 Rxa4 29. Rxe6 Rxa2+ 30. Kb1 Rxg2 31. Rxa7 Bxc3 32. Rd7 d4 33. Ree7 d3 34. Rxd3 Bd4 35. h4 Ra8 36. Rxd4 cxd4 37.
Be5 d3 38. Kc1 d2+ 39. Kd1 Rc8 40. Bb2 Rb8 0-1

[Event "*** SCC Grand Prix: Titled Tuesday Blitz"]
[Site "Chess.com"]
[Date "2020.10.06"]
[Round "9"]
[White "valeriocarnicelli"]
[Black "TimofeevAr"]
[Result "0-1"]
[WhiteElo "2543"]
[BlackElo "2818"]
[TimeControl "180+1"]
[EndTime "11:46:04 PDT"]
[Termination "TimofeevAr won by resignation"]

1. e4 c5 2. Nf3 d6 3. d4 cxd4 4. Nxd4 Nc6 5. Nc3 e6 6. Be3 Nf6 7. f3 Be7 8. Qd2 O-O 9. O-O-O d5 10. exd5 Nxd5 11. Nxd5 Qxd5 12. Nxc6 Qxc6 13. Kb1 e5 14.
Qd5 Qxd5 15. Rxd5 f6 16. Bc4 Be6 17. Rc5 Kf7 18. Bxe6+ Kxe6 19. Rc7 b6 20. Rd1 Rfd8 21.
Rxd8 Rxd8 22. Kc1 Rd7 23. Rc8 f5 24. a4 g5 25. Rh8 Bf6 26. Re8+ Kf7 27. Rc8 h5 28. b4 g4 29. a5 bxa5 30. bxa5 f4 31. Bf2 Be7 32. Bc5 e4 33. Bxe7 Kxe7 34. fxe4 Kd6 35.
Kd2 Ke5+ 36. Ke2 Kxe4 37. Rc4+ Rd4 38. Rxd4+ Kxd4 39. a6 Kc4 40. h3 Kb5 41. hxg4 hxg4 42. Kd3 Kxa6 43. Ke4 Kb5 44. Kxf4 a5 0-1

[Event "*** SCC Grand Prix: Titled Tuesday Blitz"]
[Site "Chess.com"]
[Date "2020.10.06"]
[Round "9"]
[White "PawnEatingZombie"]
[Black "Vadim_Biliy"]
[Result "0-1"]
[WhiteElo "2184"]
[BlackElo "2308"]
[TimeControl "180+1"]
[EndTime "11:46:07 PDT"]
[Termination "Vadim_Biliy won on time"]

1. d4 d5 2. c4 e6 3. Nc3 Nf6 4. cxd5 Nxd5 5. e4 Nxc3 6. bxc3 c5 7. Rb1 cxd4 8. cxd4 Nc6 9. Nf3 Bb4+ 10. Rxb4 Nxb4 11. Qa4+ Nc6 12. d5 exd5 13. exd5 Qxd5 14. Bb5 Bd7 15.
O-O O-O 16. Rd1 Qf5 17. Bd3 Qg4 18. Qc2 h6 19. h3 Qe6 20. Bc4 Qe7 21. Qd3 Rad8 22.
Ba3 Nb4 23. Qb3 a5 24. Bb2 b5 25. Qc3 Qf6 26. Qxf6 gxf6 27. Bxf6 bxc4 28. Bxd8 Rxd8 29. Ne5 Nd3 30. Nxd3 cxd3 31. Rxd3 Kf8 32. Kf1 Ke7 0-1

[Event "*** SCC Grand Prix: Titled Tuesday Blitz"]
[Site "Chess.com"]
[Date "2020.10.06"]
[Round "9"]
[White "severomorskij"]
[Black "blitzking1729"]
[Result "1-0"]
[WhiteElo "2781"]
[BlackElo "2558"]
[TimeControl "180+1"]
[EndTime "11:46:08 PDT"]
[Termination "severomorskij won by resignation"]

1. d4 d5 2. c4 e6 3. Nc3 c5 4.
e3 Nf6 5. Nf3 Nc6 6. cxd5 exd5 7. Bb5 Bd6 8. dxc5 Bxc5 9. O-O O-O 10. b3 Re8 11. Bb2 Bg4 12. Rc1 Bb6 13. Ne2 Rc8 14. Bxc6 bxc6 15. Ne5 Bxe2 16. Qxe2 Qd6 17. Nf3 Ng4 18. Kh1 d4 19. h3 d3 20. Qd2 Nf6 21.
Bxf6 gxf6 22. Rfd1 Rcd8 23. Ne1 Re5 24. Rc4 Rd5 25. Nf3 Ba5 26. b4 Bb6 27. Rdc1 c5 28.
e4 Rh5 29. e5 fxe5 30. bxc5 Bxc5 31. Rxc5 Qe6 32. Rc6 Qf5 33. Qe3 e4 34. Nd2 Rg5 35. R6c5 Qg6 36. Rxg5 1-0

[Event "*** SCC Grand Prix: Titled Tuesday Blitz"]
[Site "Chess.com"]
[Date "2020.10.06"]
[Round "9"]
[White "DanielDardha2005"]
[Black "GameOverBro"]
[Result "1-0"]
[WhiteElo "2686"]
[BlackElo "2520"]
[TimeControl "180+1"]
[EndTime "11:46:08 PDT"]
[Termination "DanielDardha2005 won by checkmate"]

1. Nc3 d6 2. Nf3 Nf6 3. d4 Nbd7 4. e4 e5 5. Bc4 Be7 6. O-O c6 7. a4 h6 8. Nh4 O-O 9. Nf5 Nb6 10. Nxe7+ Qxe7 11. Bb3 Be6 12. a5 Nbd7 13. d5 cxd5 14. exd5 Bf5 15. a6 Nc5 16. axb7 Qxb7 17. Bc4 a5 18. b3 Rfc8 19. f4 e4 20. Be3 a4 21.
Rb1 Qb4 22. Bd4 Ng4 23. h3 Ne3 24. Bxe3 Qxc3 25. Bd4 Qb4 26. g4 axb3 27. cxb3 Ra2 28.
gxf5 Rd2 29. Qg4 Rxd4 30. f6 g5 31. Qxc8+ Kh7 32. Qf8 Kg6 33. Qg7+ Kh5 34. Qxf7+ Kh4 35. Qg6 Qc3 36. Qxh6+ Kg3 37. Qxg5+ Kxh3 38. Rf3+ Qxf3 39. Bf1+ Qxf1+ 40. Rxf1 Nd3 41. f7 Ne1 42. Rxe1 e3 43. Rxe3# 1-0

[Event "*** SCC Grand Prix: Titled Tuesday Blitz"]
[Site "Chess.com"]
[Date "2020.10.06"]
[Round "9"]
[White "RestartingChess"]
[Black "Legendinunknown"]
[Result "0-1"]
[WhiteElo "2493"]
[BlackElo "2651"]
[TimeControl "180+1"]
[EndTime "11:46:08 PDT"]
[Termination "Legendinunknown won by checkmate"]

1. e4 c5 2. Nf3 d6 3. Bb5+ Nd7 4.
c4 Nf6 5. Nc3 g6 6. Bxd7+ Bxd7 7. d3 Bg7 8. h3 O-O 9. Be3 e6 10. Qd2 b6 11. Bh6 Bc6 12. Bxg7 Kxg7 13. h4 h5 14. Ne2 d5 15. e5 Ng4 16. Qf4 dxc4 17. dxc4 f6 18. exf6+ Rxf6 19. Qg3 Qe7 20. Ne5 Nxe5 21. Qxe5 Rd8 22. O-O Qd6 23. Qxd6 Rxd6 24.
Rad1 e5 25. Nc3 Rd4 26. Rfe1 Rxh4 27. Rxe5 Rxc4 28. Re7+ Rf7 29. Rxf7+ Kxf7 30. Rd6 Be8 31. Rd8 Rd4 32. Ra8 Rd7 33. Ne4 Ke7 34. Ng5 Bf7 35.
Rh8 Bxa2 36. Rh7+ Kd6 37. Rh6 Rg7 38. f4 Bb1 39. Rh8 Re7 40. Kf2 Kc6 41. Nf3 Kb5 42. Ne5 g5 43. g3 h4 44. fxg5 hxg3+ 45. Kxg3 Rxe5 46. Kf4 Re4+ 47. Kf3 Rb4 48. Rg8 Rxb2 49. g6 Bxg6 50. Rxg6 a5 51. Ke3 a4 52. Kd3 a3 53. Kc3 Rb1 54. Rg2 Ka4 55. Ra2 b5 56. Kc2 Rh1 57. Rb2 Rh2+ 58. Kb1 Rxb2+ 59. Ka1 Rh2 60.
Kb1 Kb3 61. Ka1 Rh1# 0-1

[Event "*** SCC Grand Prix: Titled Tuesday Blitz"]
[Site "Chess.com"]
[Date "2020.10.06"]
[Round "9"]
[White "djano"]
[Black "SHIVACalypso"]
[Result "1-0"]
[WhiteElo "2450"]
[BlackElo "2349"]
[TimeControl "180+1"]
[EndTime "11:46:09 PDT"]
[Termination "djano won by checkmate"]

1. Nf3 Nf6 2. d4 e6 3. Bf4 d5 4. e3 Bd6 5. Ne5 O-O 6. Nd2 c5 7. c3 Nc6 8. Bd3 Qc7 9. Ndf3 b6 10. Qb1 h6 11. g4 Nd7 12. g5 hxg5 13. Nxg5 Ndxe5 14. dxe5 Bxe5 15. Bb5 f5 16. Bxc6 Bxf4 17. exf4 Qxc6 18.
Qd1 Qe8 19. Qe2 Bd7 20. Rg1 Rf6 21. O-O-O b5 22. Rd3 b4 23. Rdg3 bxc3 24. bxc3 Rg6 25. Qh5 Rh6 26. Qe2 Qe7 27. Nf3 Rh7 28. Ne5 c4 29.
Qb2 Be8 30. Nf3 Rc8 31. Ng5 d4 32. Nxh7 dxc3 33. Qxc3 g6 34. Rxg6+ Bxg6 35. Rxg6+ Kxh7 36. Rg5 Rb8 37. Qh3# 1-0

[Event "*** SCC Grand Prix: Titled Tuesday Blitz"]
[Site "Chess.com"]
[Date "2020.10.06"]
[Round "9"]
[White "Sesleria"]
[Black "Evachess2006"]
[Result "1-0"]
[WhiteElo "2097"]
[BlackElo "1623"]
[TimeControl "180+1"]
[EndTime "11:46:09 PDT"]
[Termination "Sesleria won on time"]

1. e4 e5 2. Nf3 Nc6 3. Bb5 a6 4. Ba4 Nf6 5. O-O b5 6. Bb3 Be7 7. Re1 O-O 8. a4 b4 9. d3 d6 10. a5 Bg4 11. Nbd2 Nd4 12. Bc4 c6 13. h3 Bh5 14. c3 Nxf3+ 15. Nxf3 d5 16. Bb3 dxe4 17. dxe4 Qxd1 18. Bxd1 bxc3 19. bxc3 Rfd8 20. g4 Bg6 21.
Nxe5 Bxe4 22. Bf4 Bd6 23. g5 Bxe5 24. Bxe5 Re8 25. f4 Nd7 26. Rxe4 Nxe5 27. Rxe5 c5 28. Bf3 Rxe5 29. fxe5 Re8 30. Re1 f6 31. gxf6 gxf6 32. Bd5+ Kf8 33. e6 Ke7 34. c4 Kd6 35. Kf2 Rg8 36. Rg1 Re8 37. Rg7 Re7 38. Rxe7 Kxe7 39. Kf3 h6 40. Kf4 h5 41. Kf5 h4 42. Kg4 Kd6 43. Kxh4 Ke7 44. Kg4 Kd6 45. Kf5 Ke7 46.
h4 Kd6 47. Kxf6 Kc7 48. e7 Kd6 49. e8=Q Kc7 50. Qc6+ 1-0

[Event "*** SCC Grand Prix: Titled Tuesday Blitz"]
[Site "Chess.com"]
[Date "2020.10.06"]
[Round "9"]
[White "Teo2000"]
[Black "Roman_Ovetchkin"]
[Result "0-1"]
[WhiteElo "2409"]
[BlackElo "2596"]
[TimeControl "180+1"]
[EndTime "11:46:10 PDT"]
[Termination "Roman_Ovetchkin won by resignation"]

1. e4 c6 2. Nc3 d5 3. Nf3 dxe4 4. Nxe4 Nf6 5. Ng3 c5 6. Bc4 Nc6 7. d3 g6 8. Be3 Bg7 9. O-O b6 10. Qe2 O-O 11. Rfe1 Na5 12. Bb5 a6 13. Ba4 e6 14.
c3 Bb7 15. Ne5 Nd5 16. Bd2 b5 17. Bc2 Qc7 18. Rad1 Nc6 19. Ng4 Nf4 20. Qe3 e5 21.
Qxc5 Nxg2 22. Rf1 Nf4 23. f3 Rac8 24. Qe3 f5 25. Nf2 Rfe8 26. Rfe1 Kh8 27. Kh1 Ne7 28.
h4 Ned5 29. Qa7 Nxc3 30. Bxc3 Bxf3+ 31. Kh2 Qxa7 32. h5 b4 0-1

[Event "*** SCC Grand Prix: Titled Tuesday Blitz"]
[Site "Chess.com"]
[Date "2020.10.06"]
[Round "9"]
[White "Viaje"]
[Black "DariaVoit"]
[Result "0-1"]
[WhiteElo "2383"]
[BlackElo "2512"]
[TimeControl "180+1"]
[EndTime "11:46:10 PDT"]
[Termination "DariaVoit won by checkmate"]

1. d4 f5 2. Qd3 d5 3. c4 dxc4 4. Qxc4 Nf6 5. Nc3 a6 6. Nf3 b5 7. Qb3 c5 8. dxc5 e6 9. Ng5 Qe7 10.
Bf4 h6 11. Bd6 Qd7 12. Rd1 hxg5 13. Bxf8 Qb7 14. Bd6 Nc6 15. e3 Bd7 16. Be2 Na5 17. Qb4 Qxg2 18. Qxa5 Qxh1+ 19. Kd2 Qb7 20. Kc1 Kf7 21.
f4 g4 22. Qb4 Rxh2 23. Be5 Bc6 24. Rd6 Nd5 25. Nxd5 Rxe2 26. Nb6 Rh8 27. Rd1 Be4 28. Rg1 Rc2+ 29. Kd1 Rd8+ 30. Bd4 Rh8 31. Qb3 Rhh2 32. Bc3 Qc6 33. Qa3 g3 34. Qxa6 Bf3+ 35. Ke1 Rc1# 0-1

[Event "*** SCC Grand Prix: Titled Tuesday Blitz"]
[Site "Chess.com"]
[Date "2020.10.06"]
[Round "9"]
[White "Region_07"]
[Black "rududuyk"]
[Result "1-0"]
[WhiteElo "2375"]
[BlackElo "2167"]
[TimeControl "180+1"]
[EndTime "11:46:10 PDT"]
[Termination "Region_07 won on time"]

1. d4 e6 2. Nf3 f5 3. c4 Nf6 4. Nc3 Be7 5. Bf4 O-O 6. Qc2 b6 7. e3 Bb7 8. Bd3 d5 9. O-O-O Ne4 10. Ne5 Nc6 11. a3 Nxe5 12. Bxe5 c5 13. Kb1 Rc8 14.
g4 cxd4 15. exd4 dxc4 16. Bxe4 fxe4 17. Nxe4 c3 18. Rhe1 cxb2 19. Qxb2 Qd5 20. f4 Rc4 21. Nc3 Qc6 22. d5 exd5 23. Nxd5 Bxa3 24. Qxa3 Qb5+ 25.
Qb2 Qa4 26. Nc3 Qa5 27. Qb3 Rc8 28. Rd8+ Rxd8 29. Qxc4+ Bd5 30. Qc7 Qb4+ 31. Kc2 Qb3+ 32. Kd2 Qb2+ 33. Ke3 1-0

[Event "*** SCC Grand Prix: Titled Tuesday Blitz"]
[Site "Chess.com"]
[Date "2020.10.06"]
[Round "9"]
[White "novocane"]
[Black "mhennigan"]
[Result "0-1"]
[WhiteElo "2274"]
[BlackElo "2406"]
[TimeControl "180+1"]
[EndTime "11:46:10 PDT"]
[Termination "mhennigan won by checkmate"]

1. d4 Nf6 2. c4 g6 3. Nc3 Bg7 4. e4 d6 5. f3 O-O 6. Bg5 c5 7.
d5 e6 8. Qd2 a6 9. a4 Re8 10.
Nge2 exd5 11. cxd5 Nbd7 12. Ng3 Qa5 13. Ra3 h5 14. Be2 Nh7 15. Bh6 Bh8 16. O-O Ne5 17. f4 Ng4 18. Bxg4 Bxg4 19. f5 Be5 20. fxg6 fxg6 21.
Bf4 Kg7 22. h3 Bd7 23. Raa1 Qd8 24. Bxe5+ Rxe5 25. Rf4 Qg5 26. Nce2 h4 27. Nf1 Bxh3 28. Ne3 Rae8 29. Raf1 Rxe4 30. Rf7+ Kg8 31. Rxh7 Rxe3 32. Rff7 Qxg2# 0-1

[Event "*** SCC Grand Prix: Titled Tuesday Blitz"]
[Site "Chess.com"]
[Date "2020.10.06"]
[Round "9"]
[White "Shield12"]
[Black "Harsha_Bharathakoti"]
[Result "1/2-1/2"]
[WhiteElo "2844"]
[BlackElo "2755"]
[TimeControl "180+1"]
[EndTime "11:46:14 PDT"]
[Termination "Game drawn by repetition"]

1. e4 c6 2. d4 d5 3. exd5 cxd5 4.
Bd3 Nc6 5. c3 Nf6 6. h3 Qc7 7. Nf3 g6 8. Qc2 Bg7 9. O-O O-O 10. Re1 Re8 11. Nbd2 Nh5 12. Nb3 Nf4 13. Bf1 Bf5 14. Qd2 Ne6 15. g4 Be4 16. Nh2 g5 17. f3 Bg6 18. Qf2 Nf4 19. h4 h6 20. h5 Bh7 21. Bxf4 Qxf4 22. Qd2 Qg3+ 23. Qg2 Qd6 24. Rad1 e5 25. dxe5 Nxe5 26. Nd4 Qb6 27. Qf2 Rad8 28. Bb5 Re7 29. Nf1 Nxf3+ 30. Nxf3 Rxe1 31. Qxb6 Rxf1+ 32. Kxf1 axb6 33. Bd3 Bxd3+ 34. Rxd3 Kf8 35. Ne1 Be5 36. Nc2 Ke7 37. Ne3 Ke6 38. Nf5 Rh8 39. Ke2 f6 40. a3 b5 41. Kf3 Rh7 42. Re3 Kd7 43. Rd3 Kc6 44. Ke2 Kc5 45. Kd2 Kc6 46. Kc2 Kc5 47. Ne3 Rd7 48. Nf5 Rh7 49. Kb3 Rh8 50.
Ne7 Rd8 51. Nf5 Rh8 52. Kc2 Rh7 1/2-1/2

[Event "*** SCC Grand Prix: Titled Tuesday Blitz"]
[Site "Chess.com"]
[Date "2020.10.06"]
[Round "9"]
[White "Sanyura"]
[Black "markberk"]
[Result "1-0"]
[WhiteElo "2542"]
[BlackElo "2394"]
[TimeControl "180+1"]
[EndTime "11:46:14 PDT"]
[Termination "Sanyura won on time"]

1. e4 c6 2. Nc3 d5 3. d4 dxe4 4. Nxe4 Nf6 5. Ng3 h5 6. h4 c5 7. Nf3 Nc6 8. Bb5 Bg4 9. Bxc6+ bxc6 10. O-O e6 11. c3 Qd5 12. Bg5 Be7 13. Re1 Bxf3 14.
Qxf3 Qxf3 15. gxf3 cxd4 16. cxd4 Rb8 17. b3 Rb4 18. Rac1 Kd7 19. Red1 Nd5 20. Ne4 f6 21. Be3 f5 22. Nc5+ Bxc5 23. dxc5 Rxh4 24. Rc4 g5 25. Bxg5 Rg8 26. Rxh4 Rxg5+ 27. Kf1 Ke7 28. Ra4 Kf6 29. Rxa7 Nf4 30. Rh7 Ke5 31. Rd6 Rg2 32. Rxh5 1-0